 Dungeon Crawl Stone Soup version 0.28-a0-1415-g7c84da036a (webtiles) character file.

Game seed: 9327052017764963228

93 porpoise the Insei (level 4, -1/35 HPs)
             Began as a Demonspawn Transmuter on Jan 8, 2022.
             Slain by a gnoll (5 damage)
             ... on level 2 of the Dungeon.
             The game lasted 00:07:54 (2569 turns).

porpoise the Insei (Demonspawn Transmuter)          Turns: 2569, Time: 00:07:55

Health: -1/35      AC:  2    Str: 13    XL:     4   Next: 37%
Magic:  7/7        EV: 12    Int: 14    God:
Gold:   85         SH:  0    Dex: 13    Spells: 4/7 levels left

rFire   . . .      SeeInvis .     - Unarmed
rCold   . . .      Faith    .   (no shield)
rNeg    . . .      Spirit   .   a - +0 robe
rPois   .          Reflect  .   (no helmet)
rElec   .          Harm     .   (no cloak)
rCorr   .          Rampage  .   (no gloves)
Will    .....                   (no boots)
Stlth   +.........              (no amulet)
HPRegen 0.11/turn               (no ring)
MPRegen 0.10/turn               (no ring)

@: brilliant, invisible
A: weakness stinger 1
a: no special abilities


You were on level 2 of the Dungeon.
You visited 1 branch of the dungeon, and saw 2 of its levels.

You collected 85 gold pieces.

Inventory:

Hand Weapons
 b - a +0 hunting sling
Missiles
 f - 9 arrows
 n - 18 stones
Armour
 a - a +0 robe (worn)
Jewellery
 c - a ring of protection from fire
Scrolls
 d - 2 scrolls of enchant armour {unknown}
 e - a scroll of acquirement {unknown}
 g - a scroll of noise {unknown}
 i - 2 scrolls of identify {unknown}
 j - 2 scrolls of teleportation {unknown}
 m - a scroll of blinking {unknown}


   Skills:
 + Level 3.1 Fighting
 - Level 1.7 Dodging
 + Level 3.8 Unarmed Combat
 - Level 2.0 Spellcasting
 - Level 1.7 Transmutations


You had 4 spell levels left.
You knew the following spells:

 Your Spells              Type           Power      Damage    Failure   Level
a - Beastly Appendage     Tmut           18%        N/A       12%         1
w - Wereblood             Tmut           9%         N/A       17%         2

Your spell library contained the following spells:

 Spells                   Type           Power      Damage    Failure   Level
 Foxfire                  Conj/Fire      8%         2x1d4     24%         1
 Ensorcelled Hibernation  Hex/Ice        4%         N/A       34%         2
 Spider Form              Tmut/Pois      5%         N/A       45%         3
 Conjure Flame            Conj/Fire      2%         6-21      56%         3
 Inner Flame              Hex/Fire       2%         N/A       56%         3
 Tukima's Dance           Hex            2%         N/A       56%         3
 Ice Form                 Ice/Tmut       5%         N/A       86%         4
 Flame Wave               Conj/Fire      2%         2d4       93%         4
 Enfeeble                 Hex            1%         N/A       100%        7


Dungeon Overview and Level Annotations

Branches:
Dungeon (2/15)

Altars:


Innate Abilities, Weirdness & Mutations

You have a small tail.


Message History

Your headbutt misses the gnoll.
The gnoll is almost dead.
The gnoll hits you with a +0 whip.
You hit the gnoll but do no damage. You claw the gnoll, but do no damage.
Your headbutt misses the gnoll.
You tail-slap the gnoll, but do no damage.
The gnoll is almost dead.
You hit the gnoll.
You kill the gnoll!
Your transformation is almost over.
You completely miss the gnoll. You headbutt the gnoll.
Your tail-slap misses the gnoll.
The gnoll is moderately wounded.
The gnoll hits you with a +0 club.
* * * LOW HITPOINT WARNING * * *
You hit the gnoll. Your kick misses the gnoll.
The gnoll is heavily wounded.
The gnoll hits you with a +0 club.
* * * LOW HITPOINT WARNING * * *
You hit the gnoll but do no damage. You claw the gnoll, but do no damage.
Your headbutt misses the gnoll.
The gnoll is heavily wounded.
The gnoll hits you with a +0 club.
* * * LOW HITPOINT WARNING * * *
It was a potion of brilliance.
You feel clever all of a sudden. The gnoll closely misses you.
It was a potion of invisibility.
You fade into invisibility!
The gnoll misses you.
Okay, then.
Unknown command.
Your horns disappear.
Your talons disappear.
You closely miss the gnoll.
The gnoll is heavily wounded.
You catch the helpless gnoll completely off-guard!
You hit the gnoll.
The gnoll is almost dead.
The gnoll hits you with a +0 club.
You die...

.#.##....♣ ♣...## ...
.#.##...P._...... ...
.#.##...♣......## ...
.#.###....♣♣P #.# .#.#
#.P...... #.# .#.#
#....... #)# .#.# #.#.#.#
#.# .#.#
#.#.#.#.#########.#
.#.#####.#.#.#..@g.......#
.#.........#.#........####
'#######.###.#.######.#
......##.....#+######.#
......#####...........#
......# #................#
......# #...........######
......# #...........#
......# ###...#####.#


You could see a gnoll.

Vanquished Creatures
  3 gnolls (D:2)
  An adder (D:2)
  2 worms (D:2)
  6 ball pythons
  A giant cockroach (D:2)
  6 goblins
  6 hobgoblins
  4 jackals (D:1)
  4 kobolds
  3 quokkas (D:1)
  7 bats
  2 frilled lizards (D:1)
  3 rats
48 creatures vanquished.

Vanquished Creatures (others)
  A fungus (D:2)
  3 plants (D:2)
4 creatures vanquished.

Grand Total: 52 creatures vanquished

Notes
Turn   | Place    | Note
-------+----------+-------------------------------------------
     0 | D:1      | porpoise the Demonspawn Transmuter began the quest for the
                  | Orb.
     0 | D:1      | Reached XP level 1. HP: 15/15 MP: 3/3
   135 | D:1      | Gained mutation: You have a small tail. [demonic ancestry]
   135 | D:1      | Reached XP level 2. HP: 14/21 MP: 3/5
   722 | D:1      | Reached XP level 3. HP: 27/27 MP: 4/6
   934 | D:1      | Learned a level 2 spell: Wereblood
  2483 | D:2      | Found a faded altar of an unknown god.
  2537 | D:2      | Reached XP level 4. HP: 21/34 MP: 5/7
  2569 | D:2      | Slain by a gnoll

Illustrated notes

Levels and vault maps discovered:
D:1:      minmay_arrival_checkered_box, layout_basic, minmay_vboxes
D:2:      layout_basic, dreamdust_ecumenical_altar_grove, minmay_misc_feat_five,
          chequers_big_river, minmay_rat_gold_closets

Skill      XL: |  1  2  3  4 |
---------------+-------------+-----
Unarmed Combat | 3 |  3.8
Fighting       | 2 3 |  3.1
Dodging        | |  1.7
Spellcasting   | |  2.0
Transmutations | |  1.7

Action                   |  1- 3 |  4- 6 || total
-------------------------+-------+-------++-------
Melee: Unarmed           |   118 |    20 ||   138
       Kick              |    21 |     5 ||    26
       Headbutt          |    21 |     3 ||    24
       Punch             |     6 |     2 ||     8
       Tailslap          |     5 |     3 ||     8
 Cast: Beastly Appendage |    34 |     1 ||    35
  Use: Potion            |       |     3 ||     3
 Stab: Invisible         |       |     1 ||     1
Armor: Robe              |    24 |       ||    24
Dodge: Dodged            |    65 |     7 ||    72

Table legend: (Time is in decaauts)
 A = Elapsed time spent in this place.
 B = Non-inter-level travel time spent in this place.
 C = Inter-level travel time spent in this place.
 D = Time resting spent in this place.
 E = Time spent auto-exploring this place.
 F = Levels seen in this place.
 G = Mean time per level.
                   A        B        C        D        E       F      G
               +--------+--------+--------+--------+--------+-----+--------+
         Total |   2562 |   2492 |     70 |    899 |   1054 |   2 | 1281.0 |
       Dungeon |   2562 |   2492 |     70 |    899 |   1054 |   2 | 1281.0 |
               +--------+--------+--------+--------+--------+-----+--------+

Top non-repeatable levels by time:
     D:1: 1324 daAuts
     D:2: 1237 daAuts
